 Dungeon Crawl Stone Soup version 0.28.0-1-gb440e238dd (webtiles) character file.

Game seed: 6879567334455189398

58 bande the Covered (level 4, -4/29 HPs)
             Began as a Gargoyle Fighter on Feb 21, 2022.
             Frozen to death by an endoplasm (5 damage)
             ... on level 2 of the Dungeon.
             The game lasted 00:02:32 (1436 turns).

bande the Covered (Gargoyle Fighter)                Turns: 1436, Time: 00:02:32

Health: -4/29      AC: 13    Str: 20    XL:     4   Next: 1%
Magic:  4/4        EV:  7    Int:  8    God:
Gold:   48         SH:  4    Dex: 11    Spells: 3/3 levels left

rFire   . . .      SeeInvis .   a - +0 war axe
rCold   . . .      Faith    .   c - +0 buckler
rNeg    + . .      Spirit   .   g - +0 chain mail
rPois   ∞          Reflect  .   (no helmet)
rElec   +          Harm     .   (no cloak)
rCorr   .          Rampage  .   (no gloves)
Will    .....                   (no boots)
Stlth   ..........              (no amulet)
HPRegen 0.09/turn               (no ring)
MPRegen 0.09/turn               (no ring)

@: slowed, very slow
A: sickness immunity, AC +3, negative energy resistance 1, electricity
resistance, torment resistance 1, petrification resistance
a: no special abilities


You were on level 2 of the Dungeon.
You visited 1 branch of the dungeon, and saw 2 of its levels.

You collected 48 gold pieces.

Inventory:

Hand Weapons
 a - a +0 war axe (weapon)
Armour
 c - a +0 buckler (worn)
 g - a +0 chain mail (worn)
Potions
 b - a potion of invisibility
 d - a potion of might
 i - a potion of curing {unknown}


   Skills:
 + Level 3.7 Fighting
 + Level 2.3 Axes
 + Level 4.1 Armour
 + Level 3.7 Shields


You had 3 spell levels left.
You didn't know any spells.
Your spell library was empty.

Dungeon Overview and Level Annotations

Branches:
Dungeon (2/15)

Altars:

Annotations:
D:2 Natasha


Innate Abilities, Weirdness & Mutations

You are immune to sickness and miasma.
Your stone body is resilient. (AC +3)
You are immune to poison.
You resist negative energy. (rN+)
You are resistant to electric shocks. (rElec)
You are resistant to unholy torment.
You are immune to petrification.


Message History

You feel yourself slow down.
An endoplasm comes into view.
Natasha claws you but does no damage.
You hit Natasha but do no damage. You hit the fungus.
The fungus begins to die.
You hit the fungus.
The fungus begins to die.
Natasha closely misses you.
Natasha stares at you and mumbles some strange words.
The magic dart hits you but does no damage.
You hit Natasha.
Natasha is lightly wounded.
You slash the fungus! You hit the fungus.
A nearby fungus withers and dies. x2
Natasha claws you. The quokka closely misses you. Natasha claws you.
You barely miss Natasha.
Natasha is lightly wounded.
You hit the quokka. The quokka barely misses you. Natasha closely misses you.
The quokka bites you but does no damage.
Natasha claws you but does no damage. The endoplasm freezes you.
You are frozen.
The quokka bites you but does no damage.
You hit Natasha.
Natasha is moderately wounded.
You closely miss the quokka. You hit the endoplasm.
You block the quokka's attack.
Natasha casts a spell.
The endoplasm freezes you.
You are frozen.
The quokka barely misses you.
Natasha stares at you and mumbles some strange words.
You feel as though you will be slow longer.
The endoplasm freezes you.
You are frozen.
* * * LOW HITPOINT WARNING * * *
You barely miss Natasha.
Natasha is moderately wounded.
You hit the endoplasm. You hit the quokka.
You kill the quokka!
Natasha claws you.
* * * LOW HITPOINT WARNING * * *
The endoplasm barely misses you. You block Natasha's attack.
The endoplasm freezes you.
You are frozen.
You die...

### ..###########
............#####
..#########.....## ..#
#####..## #. ### ##@.#
#.. #†hJPP.# ##..
#.$5$P..?....# ###
..$$$P#### ...##
..###. ..P$$$P.. #..#
...... ..#..P..###
#<### ..###
.#.##############...##
### ..#.
#..........##..#
#..........##...


You could see Natasha, a crimson imp (summoned) and an endoplasm.

Vanquished Creatures
  3 adders (D:2)
  A worm (D:2)
  2 dart slugs (D:1)
  2 goblins
  2 hobgoblins
  4 jackals (D:1)
  A kobold (D:2)
  3 quokkas
  2 bats (D:1)
  2 frilled lizards (D:2)
  3 rats
25 creatures vanquished.

Vanquished Creatures (others)
  4 fungi (D:2)
  5 toadstools (D:2)
9 creatures vanquished.

Grand Total: 34 creatures vanquished

Notes
Turn   | Place    | Note
-------+----------+-------------------------------------------
     0 | D:1      | bande the Gargoyle Fighter began the quest for the Orb.
     0 | D:1      | Reached XP level 1. HP: 14/14 MP: 1/1
   268 | D:1      | Reached XP level 2. HP: 17/19 MP: 2/2
  1083 | D:2      | Reached XP level 3. HP: 22/24 MP: 3/3
  1088 | D:2      | Identified the +11 whip of Overwhelming Force {vamp, rC-
                  | Int+7}
  1300 | D:2      | Reached skill level 4 in Armour
  1371 | D:2      | Reached XP level 4. HP: 27/29 MP: 4/4
  1421 | D:2      | Noticed Natasha
  1436 | D:2      | HP: 1/29 [Natasha (5)]
  1436 | D:2      | Frozen to death by an endoplasm

Illustrated notes

Levels and vault maps discovered:
D:1:      dpeg_arrival_round_c, layout_basic, st_stairs_12
D:2:      layout_rooms, minmay_gold_behind_fungi, minmay_pentomino_p2,
          uniq_natasha, uniq_sigmund

Skill      XL: |  1  2  3 |
---------------+----------+-----
Axes           | 2 |  2.3
Armour         | 4 |  4.1
Fighting       | |  3.7
Shields        | |  3.7

Action                   |  1- 3 |  4- 6 || total
-------------------------+-------+-------++-------
Melee: War axe           |    90 |     5 ||    95
  Use: Scroll            |     3 |       ||     3
Armor: Scale mail        |    41 |       ||    41
       Chain mail        |    20 |     5 ||    25
Dodge: Dodged            |    48 |     6 ||    54
Block: Buckler           |    22 |     2 ||    24
